 Dungeon Crawl Stone Soup version 0.28.0-53-g5a82cb258f (webtiles) character file.

Game seed: 11845211412184962379

294 Sin92 the Skirmisher (level 6, -3/48 HPs)
             Began as a Demonspawn Fighter on June 22, 2022.
             Slain by an iguana (8 damage)
             ... on level 3 of the Dungeon.
             The game lasted 00:02:24 (2699 turns).

Sin92 the Skirmisher (Demonspawn Fighter)           Turns: 2699, Time: 00:02:25

Health: -3/48      AC:  6    Str: 18    XL:     6   Next: 11%
Magic:  6/6        EV:  9    Int: 10    God:
Gold:   161        SH:  5    Dex: 12    Spells: 5/5 levels left

rFire   . . .      SeeInvis .   a - +0 flail
rCold   + . .      Faith    .   c - +1 buckler
rNeg    . . .      Spirit   .   b - +0 scale mail
rPois   .          Reflect  .   (helmet restricted)
rElec   .          Harm     .   (no cloak)
rCorr   .          Rampage  .   (no gloves)
Will    .....                   (no boots)
Stlth   ..........              (no amulet)
HPRegen 0.16/turn               j - ring of protection from cold
MPRegen 0.10/turn               (no ring)

@: no status effects
A: antennae 1, foul stench 1, powered by death 1
a: no special abilities


You were on level 3 of the Dungeon.
You visited 1 branch of the dungeon, and saw 3 of its levels.

You collected 161 gold pieces.

Inventory:

Hand Weapons
 a - a +0 flail (weapon)
Armour
 b - a +0 scale mail (worn)
 c - a +1 buckler (worn)
Jewellery
 j - a ring of protection from cold (left hand)
Scrolls
 i - 2 scrolls of identify
Potions
 g - 2 potions of mutation
 h - a potion of attraction
 k - 2 potions of cancellation {unknown}


   Skills:
 + Level 3.9 Fighting
 * Level 3.6 Maces & Flails
 + Level 3.5 Armour
 + Level 1.9 Dodging
 + Level 3.5 Shields


You had 5 spell levels left.
You didn't know any spells.
Your spell library was empty.

Dungeon Overview and Level Annotations

Branches:
Dungeon (3/15)

Altars:
Cheibriados
Nemelex Xobeh

Shops:
D:1 =


Innate Abilities, Weirdness & Mutations

You have a pair of small antennae on your head.
You may rarely emit foul miasma when damaged in melee.
You regenerate a little health from kills.


Message History

An iguana is nearby!
Found 16 stones.
The iguana bites you!
Unknown command.
An iguana is nearby!
You hit the iguana but do no damage. The iguana bites you!
Unknown command.
An iguana is nearby!
You hit the iguana but do no damage. The iguana closely misses you.
An iguana is nearby!
You hit the iguana.
The iguana is moderately wounded.
The iguana bites you! The iguana bites you.
Unknown command.
Unknown command.
An iguana is nearby!
You are too injured to fight recklessly!
Unknown command.
An iguana is nearby!
You are too injured to fight recklessly!
Unknown command.
An iguana is nearby!
You are too injured to fight recklessly!
You closely miss the iguana.
The iguana is moderately wounded.
You block the iguana's attack.
You thump the iguana!
The iguana is almost dead.
The iguana bites you!
* * * LOW HITPOINT WARNING * * *
You barely miss the iguana.
The iguana is almost dead.
You block the iguana's attack.
You barely miss the iguana.
The iguana is almost dead.
You block the iguana's attack. The iguana bites you!
* * * LOW HITPOINT WARNING * * *
You completely miss the iguana.
The iguana is almost dead.
The iguana bites you!
You die...

### ##### #.# #...# #.#
#...# #. #.# #...####...
##.###########).........
#>...........'..........
#....#####.###..@.......
.....# #.# ####l......
#....#####.##### .......
#...)........... .(.....
#....###........ .###.#.
#.#.#. #.######........
.# # ####.#.#.
#............... ..
........
########†...#### ##
.....#. #....# #...#.


You could see an iguana.

Vanquished Creatures
  Sigmund (D:2)
  3 gnolls (D:3)
  4 adders (D:2)
  A worm (D:2)
  2 dart slugs
  5 endoplasms
  5 giant cockroaches
  4 hobgoblins
  4 kobolds
  A quokka (D:1)
  4 ball pythons
  10 bats
  7 frilled lizards
  8 goblins
  10 rats
  A spectral kobold (D:1)
70 creatures vanquished.

Notes
Turn   | Place    | Note
-------+----------+-------------------------------------------
     0 | D:1      | Sin92 the Demonspawn Fighter began the quest for the Orb.
     0 | D:1      | Reached XP level 1. HP: 18/18 MP: 1/1
    93 | D:1      | Found Zaoprohi's Jewellery Boutique.
   312 | D:1      | Gained mutation: You may rarely emit foul miasma when
                  | damaged in melee. [demonic ancestry]
   312 | D:1      | Reached XP level 2. HP: 24/24 MP: 2/2
   475 | D:1      | Found a faded altar of an unknown god.
   820 | D:1      | Reached XP level 3. HP: 25/29 MP: 3/3
  1231 | D:2      | Noticed Sigmund
  1248 | D:2      | Killed Sigmund
  1249 | D:2      | Reached skill level 1 in Dodging
  1249 | D:2      | Gained mutation: You regenerate a little health from kills.
                  | [demonic ancestry]
  1249 | D:2      | Reached XP level 4. HP: 10/37 MP: 4/4
  1249 | D:2      | Gained mutation: You have a pair of small antennae on your
                  | head. [demonic ancestry]
  1249 | D:2      | Reached XP level 5. HP: 11/42 MP: 5/5
  2259 | D:3      | Found a sparkling altar of Nemelex Xobeh.
  2307 | D:3      | Found a snail-covered altar of Cheibriados.
  2389 | D:3      | Reached XP level 6. HP: 48/48 MP: 6/6
  2699 | D:3      | Slain by an iguana

Illustrated notes

Levels and vault maps discovered:
D:1:      minmay_arrival_floating_metal, layout_loops_cross, serial_shops,
          nicolae_shop_trees, dreamdust_ecumenical_altar_drowned_temple,
          minmay_ruptured
D:2:      layout_basic, uniq_sigmund
D:3:      layout_basic, overflow_temple_1_default, cheibrodos_worm_habitat,
          uniq_terence

Skill      XL: |  1  2  3 |
---------------+----------+-----
Maces & Flails | 2 3 |  3.6
Armour         | 3 |  3.5
Dodging        | 1 |  1.9
Shields        | 3 |  3.5
Fighting       | |  3.9

Action                   |  1- 3 |  4- 6 || total
-------------------------+-------+-------++-------
Melee: Flail             |   132 |    81 ||   213
  Use: Potion            |     3 |       ||     3
       Scroll            |       |     4 ||     4
Armor: Scale mail        |    59 |    25 ||    84
Dodge: Dodged            |    61 |    40 ||   101
Block: Buckler           |    28 |    22 ||    50
